 Dungeon Crawl Stone Soup version 0.18.1-48-g4cf74bf (webtiles) character file.

123 Alarkh the Poker (level 4, 0/33 HPs)
             Began as a Mummy Skald on July 28, 2016.
             Slain by Natasha (6 damage)
             ... on level 2 of the Dungeon.
             The game lasted 00:01:48 (1238 turns).

Alarkh the Poker (Mummy Skald)                      Turns: 1238, Time: 00:01:49

Health: 0/33       AC:  3    Str: 15    XL:     4   Next: 80%
Magic:  1/7        EV: 11    Int: 12    God:
Gold:   27         SH:  0    Dex: 11    Spells: 1 memorised, 6 levels left

rFire  x . .     SeeInvis .     a - +1 spear
rCold  + + .     Gourm    .     h - +0 leather armour {rC+}
rNeg   + + +     Faith    .     (no shield)
rPois  ∞         Spirit   .     (no helmet)
rElec  .         Dismiss  .     (no cloak)
rCorr  .         Reflect  .     (no gloves)
SustAt .         Harm     .     (no boots)
MR     .....                    i - amulet of regeneration
Stlth  +.........               (no ring)
                                (no ring)

@: very slightly contaminated, not resistant to hostile enchantments, very
unstealthy
A: no food or potions, fire vulnerability, cold resistance 1, negative energy
resistance 3, torment resistance, unbreathing
a: no special abilities


You were on level 2 of the Dungeon.
You were not hungry.

You visited 1 branch of the dungeon, and saw 2 of its levels.

You collected 27 gold pieces.

Inventory:

Hand Weapons
 a - a +1 spear (weapon)
Armour
 b - a +0 leather armour
 h - a +0 leather armour of cold resistance (worn)
Jewellery
 g - an uncursed amulet of faith
 i - an amulet of regeneration (around neck)
Books
 c - a book of Battle

   Spells                             Type                      Level
   a - Infusion                       Charms                       1
   b - Shroud of Golubria             Charms/Translocation         2
   c - Song of Slaying                Charms                       2
   d - Spectral Weapon                Hexes/Charms                 3
   e - Regeneration                   Charms/Necromancy            3


   Skills:
 - Level 2.0 Fighting
 + Level 4.2 Polearms
 - Level 0.7 Armour
 - Level 0.7 Dodging
 - Level 2.0 Spellcasting
 - Level 2.4 Charms


You had 6 spell levels left.
You knew the following spells:

 Your Spells              Type           Power        Failure   Level  Hunger
a - Infusion              Chrm           #...         14%         1    N/A

Dungeon Overview and Level Annotations

Branches:
Dungeon (2/15)

Altars:

Annotations:
D:2 Jessica, Natasha


Innate Abilities, Weirdness & Mutations

You do not eat or drink.
Your flesh is vulnerable to fire.
You are immune to poison.
Your flesh is cold resistant.
You are immune to negative energy.
You are immune to unholy pain and torment.
You can survive without breathing.


Message History

You hear a loud clanging noise!
It was a scroll of noise.
Natasha claws you but does no damage.
Firing (i - inventory): No suitable missiles.
Press: ? - help, Shift-Dir - straight line, f - Natasha
Aim: Natasha (severely wounded)
Okay, then.
Unknown command.
Read which item? (? for menu, Esc to quit)
As you read the scroll labeled ODEYNI VOLAUKK, it crumbles to dust.
It is a scroll of identify.
You don't have any unidentified items.
Natasha claws you but does no damage.
You hit Natasha.
Natasha is almost dead.
Natasha claws you.
* * * LOW HITPOINT WARNING * * *
You hit Natasha but do no damage.
Natasha is almost dead.
Natasha claws you.
You die...

############ ####
#..........### ...
+............. . #.#
#..........###
....###†###..........###
...$@.h@................
....###.##...........###
[ #.##...........#
#.##...#########
#.##...# #.##...#
#.##...# #######
#.##...# #...... #......


You could see Natasha and Jessica.

Vanquished Creatures
  Ijyb (D:2)
  Natasha (twice) (D:2)
  An ooze (D:1)
  A worm (D:2)
  2 dart slugs
  2 giant cockroaches (D:1)
  7 goblins
  2 hobgoblins
  4 jackals (D:2)
  A quokka (D:2)
  3 bats (D:1)
  4 giant newts (D:1)
  5 kobolds (D:1)
  5 rats (D:1)
40 creatures vanquished.

Notes
Turn   | Place    | Note
--------------------------------------------------------------
     0 | D:1      | Alarkh the Mummy Skald began the quest for the Orb.
     0 | D:1      | Reached XP level 1. HP: 16/16 MP: 3/3
    71 | D:1      | Reached skill level 2 in Polearms
    78 | D:1      | Reached XP level 2. HP: 20/22 MP: 0/5
   408 | D:1      | Reached XP level 3. HP: 17/27 MP: 0/6
   791 | D:2      | Noticed Natasha
   801 | D:2      | Killed Natasha
   801 | D:2      | Reached skill level 3 in Polearms
  1078 | D:2      | Reached XP level 4. HP: 26/33 MP: 4/7
  1136 | D:2      | Noticed Ijyb
  1138 | D:2      | Noticed Natasha
  1151 | D:2      | Killed Natasha
  1174 | D:2      | Killed Ijyb
  1174 | D:2      | Reached skill level 4 in Polearms
  1221 | D:2      | Noticed Jessica
  1222 | D:2      | Noticed Natasha
  1238 | D:2      | Slain by Natasha

Skill      XL: |  1  2  3  4 |
---------------+-------------+-----
Polearms       | 2 3 4 |  4.2
Fighting       | |  2.0
Armour         | |  0.7
Dodging        | |  0.7
Spellcasting   | |  2.0
Charms         | |  2.4

Action                   |  1- 3 |  4- 6 || total
-------------------------+-------+-------++-------
Melee: Spear             |   122 |    61 ||   183
 Cast: Infusion          |    12 |     3 ||    15
  Use: Scroll            |       |     3 ||     3
 Stab: Sleeping          |     1 |       ||     1
Armor: Leather armour    |    24 |    11 ||    35
Dodge: Dodged            |    51 |    22 ||    73
